[Event "Team 45 45 League T36"]
[Site "Internet Chess Club"]
[Date "2008.02.10"]
[Round "3"]
[White "BigH"]
[Black "gorgon"]
[Result "0-1"]
[WhiteElo "1617"]
[BlackElo "2095"]
[Opening "Sicilian: Najdorf, 6...e6"]
[ECO "B95"]
[Time "05:31:26"]
[TimeControl "2700+45"]

1. e4 c5 2. Nf3 d6 3. d4 cxd4 4. Nxd4 Nf6 5. Nc3 a6 6. Bg5 e6 7. Qd2 h6 8. Be3
Ng4 9. O-O-O Nxe3 10. Qxe3 Be7 11. Kb1 Bd7 12. f4 b5 13. Bxb5 axb5 14. Ndxb5
Bxb5 15. Nxb5 Qd7 16. Qd3 O-O 17. Nxd6 Bxd6 18. Qxd6 Qa4 19. a3 Qxe4 20. g4 Rc8
21. Qb4 Qxc2+ 22. Ka1 Nc6 23. Qd2 Qb3 24. Kb1 Rxa3 {White resigns} 0-1

[Event "Team 45 45 League T36"]
[Site "Internet Chess Club"]
[Date "2008.02.08"]
[Round "3"]
[White "mongmong"]
[Black "isolani"]
[Result "1-0"]
[WhiteElo "1725"]
[BlackElo "1602"]
[Opening "Queen's Pawn"]
[ECO "A41"]
[Time "20:28:52"]
[TimeControl "2700+45"]

1. d4 d6 2. Nf3 Nf6 3. e3 c6 4. c4 Nbd7 5. b4 e5 6. Bb2 e4 7. Nfd2 d5 8. a3 Bd6
9. Nc3 O-O 10. Be2 Re8 11. cxd5 cxd5 12. Rc1 Nf8 13. Qb3 Be6 14. Na4 b6 15. Nc3
Ng6 16. Bb5 Rf8 17. Bc6 Rc8 18. Nxd5 Bxd5 19. Bxd5 Rxc1+ 20. Bxc1 Qc7 21. Bb2
Nxd5 22. Qxd5 Qc2 23. Qb3 Qc6 24. O-O Nh4 25. d5 Qd7 26. Nxe4 Qg4 27. Ng3 Nf3+
28. gxf3 Qxf3 29. Qd1 {Black resigns} 1-0

[Event "Team 45 45 League T36"]
[Site "Internet Chess Club"]
[Date "2008.02.11"]
[Round "3"]
[White "jjmolina"]
[Black "Erle"]
[Result "0-1"]
[WhiteElo "1563"]
[BlackElo "1704"]
[Opening "Sicilian: Pin variation (Sicilian counter-attack)"]
[ECO "B41"]
[Time "11:01:41"]
[TimeControl "2700+45"]

1. e4 c5 2. Nf3 e6 3. d4 cxd4 4. Nxd4 Nf6 5. Nc3 Bb4 6. Bg5 Qa5 7. Bd2 Qe5 8.
Nf3 Qc7 9. Nb5 Bxd2+ 10. Qxd2 Qb6 11. Nd6+ Ke7 12. Nxc8+ Rxc8 13. Bd3 Qxb2 14.
O-O b6 15. Qg5 Kf8 16. Rfb1 Qc3 17. e5 h6 18. Qc1 Ng4 19. Qf4 h5 20. Bg6 f5 21.
Bxh5 Rc4 22. Qg5 Nc6 23. Qg6 Ncxe5 24. Nxe5 Nxe5 25. Qh7 Nf7 26. Bxf7 Kxf7 27.
Qh5+ Ke7 28. Qg5+ Kf8 29. Rd1 Rac8 30. Rxd7 Qxa1+ {White resigns} 0-1

[Event "Team 45 45 League T36"]
[Site "Internet Chess Club"]
[Date "2008.02.09"]
[Round "3"]
[White "chessbuzz"]
[Black "Stoertebeker"]
[Result "0-1"]
[WhiteElo "1483"]
[BlackElo "1502"]
[Opening "French: Winawer, advance variation"]
[ECO "C17"]
[Time "07:58:53"]
[TimeControl "2700+45"]

1. e4 e6 2. d4 d5 3. Nc3 Bb4 4. e5 c5 5. Nf3 Nc6 6. Bb5 Qb6 7. O-O Ne7 8. Bg5
Nf5 9. Bxc6+ bxc6 10. Ne2 Ba6 11. c3 Ba5 12. Qb3 Bxe2 13. Qxb6 Bxb6 14. Rfe1
Bxf3 15. gxf3 cxd4 16. cxd4 Nxd4 17. Kg2 Nc2 18. Rac1 Nxe1+ 19. Rxe1 Kd7 20. b4
Rhf8 21. a4 f6 22. exf6 gxf6 23. Bf4 Rfe8 24. a5 Bc7 25. Be3 a6 26. Bc5 Bd6 27.
Bxd6 Kxd6 28. f4 Rab8 29. Rb1 Rb5 30. Re1 Rxb4 31. f5 e5 32. f4 e4 33. Kf2 Rb2+
34. Ke3 c5 35. h4 d4# {White checkmated} 0-1

[Event "Team 45 45 League T36"]
[Site "Internet Chess Club"]
[Date "2008.02.08"]
[Round "3"]
[White "PANAMA-REY"]
[Black "ticopatzer"]
[Result "1-0"]
[WhiteElo "1481"]
[BlackElo "1445"]
[Opening "Robatsch (modern) defense"]
[ECO "B06"]
[Time "17:55:28"]
[TimeControl "2700+45"]

1. e4 g6 2. d4 Bg7 3. Bb5 a6 4. Bc4 d6 5. c3 Nf6 6. Bd3 O-O 7. h3 b5 8. Nf3 Bb7
9. Qe2 Nbd7 10. O-O e5 11. Be3 Nxe4 12. Bc1 d5 13. Nbd2 Nxd2 14. Nxd2 e4 15. Bc2
Re8 16. Nb3 Rb8 17. Be3 f5 18. Qd2 Qe7 19. Rae1 Rf8 20. Bg5 Qf7 21. f3 Rbe8 22.
fxe4 dxe4 23. Na5 Bd5 24. Bf4 Nf6 25. Nb3 Nh5 26. Be3 Ng3 27. Rf2 Bf6 28. Bf4
Bh4 29. Bh6 e3 30. Rxe3 Ne4 31. Bxe4 Bxf2+ 32. Qxf2 Rxe4 33. Bxf8 Kxf8 34. Nc5
Qe8 35. Nxe4 Bxe4 36. Qf4 Kg7 37. Qxc7+ {Black resigns} 1-0

[Event "Team 45 45 League T36"]
[Site "Internet Chess Club"]
[Date "2008.02.17"]
[Round "3"]
[White "AntonioMendonca"]
[Black "Budzo"]
[Result "1/2-1/2"]
[WhiteElo "1734"]
[BlackElo "1768"]
[Opening "English, 1...Nf6 (Anglo-Indian defense)"]
[ECO "A15"]
[Time "17:15:03"]
[TimeControl "2700+45"]

1. c4 Nf6 2. g3 e6 3. Bg2 d5 4. cxd5 exd5 5. Nf3 Be7 6. O-O O-O 7. d4 c6 8. Nc3
Bf5 9. Nh4 Be6 10. Nf3 Bf5 11. Nh4 Be6 12. Nf3 Bf5 {Game drawn by repetition}
1/2-1/2

[Event "Team 45 45 League T36"]
[Site "Internet Chess Club"]
[Date "2008.02.09"]
[Round "3"]
[White "Cryptochess"]
[Black "lw"]
[Result "1-0"]
[WhiteElo "1758"]
[BlackElo "1575"]
[Opening "Robatsch defense: two knights, Suttles variation"]
[ECO "B06"]
[Time "15:59:36"]
[TimeControl "2700+45"]

1. e4 g6 2. d4 d6 3. Nc3 c6 4. Nf3 Bg7 5. Bc4 b5 6. Bb3 a5 7. a4 Bg4 8. Be3 b4
9. Ne2 Bxf3 10. gxf3 Nd7 11. Qd2 c5 12. Rd1 e6 13. c3 Rb8 14. Bc4 bxc3 15. bxc3
Ne7 16. dxc5 Qc7 17. Bb5 d5 18. c4 O-O 19. Bxd7 Qxd7 20. Qxa5 Nc6 21. Qd2 Rb2
22. Qc1 Rfb8 23. cxd5 exd5 24. exd5 Ne5 25. Ng1 Nd3+ 26. Rxd3 Rb1 27. c6 Rxc1+
28. Bxc1 Qd6 29. Ne2 Qb4+ 30. Bd2 Qb1+ 31. Nc1 Re8+ 32. Kd1 Bb2 33. Rb3 Qa1 34.
Kc2 Bxc1 35. Rxc1 Qxa4 36. c7 Rc8 37. Kb2 Qd4+ 38. Bc3 Qxf2+ 39. Rc2 Qa7 40. d6
Qa8 41. Rd2 Kf8 42. d7 {Black resigns} 1-0

[Event "Team 45 45 League T36"]
[Site "Internet Chess Club"]
[Date "2008.02.10"]
[Round "3"]
[White "stakastra"]
[Black "chicopee-ed"]
[Result "1/2-1/2"]
[WhiteElo "1517"]
[BlackElo "1541"]
[Opening "King's pawn opening"]
[ECO "B07"]
[Time "11:59:14"]
[TimeControl "2700+45"]

1. e4 d6 2. Nc3 Nf6 3. Nf3 c6 4. d4 Qa5 5. Bd3 e5 6. Bd2 Qc7 7. h3 Be7 8. O-O h6
9. a4 exd4 10. Nxd4 O-O 11. Nf5 Bxf5 12. exf5 d5 13. Ne2 Bd6 14. Bc3 Be5 15.
Bxe5 Qxe5 16. Rb1 Nbd7 17. Ng3 Qc7 18. Qd2 Rfe8 19. Rfe1 Nc5 20. Rxe8+ Rxe8 21.
b3 Nxd3 22. cxd3 Qc8 23. b4 Re7 24. b5 cxb5 25. Rxb5 Qe8 26. Kh2 a6 27. Rb4 Qc8
28. Qb2 Rc7 29. Qd4 Rc2 30. Rb1 Qd7 31. Qf4 Qc7 32. Qd4 Qd7 {Game drawn by
mutual agreement} 1/2-1/2

[Event "Team 45 45 League T36"]
[Site "Internet Chess Club"]
[Date "2008.02.09"]
[Round "3"]
[White "Mutaant"]
[Black "OldChurchLady"]
[Result "0-1"]
[WhiteElo "1433"]
[BlackElo "1639"]
[Opening "French: Two knights variation"]
[ECO "C00"]
[Time "13:01:29"]
[TimeControl "2700+45"]

1. e4 e6 2. Nf3 d5 3. Nc3 d4 4. Ne2 c5 5. Ng3 Nc6 6. Bc4 Bd6 7. d3 Nf6 8. Bb5
Qa5+ 9. Bd2 Qxb5 10. b3 e5 11. Nh4 Ne7 12. Qf3 Bg4 {White resigns} 0-1

[Event "Team 45 45 League T36"]
[Site "Internet Chess Club"]
[Date "2008.02.07"]
[Round "3"]
[White "DiligentKing"]
[Black "mitus"]
[Result "0-1"]
[WhiteElo "2027"]
[BlackElo "1886"]
[Opening "Ruy Lopez: open, St. Petersburg variation"]
[ECO "C82"]
[Time "16:02:28"]
[TimeControl "2700+45"]

1. e4 e5 2. Nf3 Nc6 3. Bb5 a6 4. Ba4 Nf6 5. O-O Nxe4 6. d4 b5 7. Bb3 d5 8. dxe5
Be6 9. c3 Bc5 10. Nbd2 O-O 11. Nxe4 dxe4 12. Qxd8 Raxd8 13. Nd2 e3 14. Ne4 exf2+
15. Kh1 Bb6 16. Bf4 Bxb3 17. axb3 Rfe8 18. Nxf2 Bxf2 19. Rxf2 Nxe5 20. Rff1 Rd6
21. g3 f6 22. h4 c5 23. Rfe1 Rde6 24. Bxe5 Rxe5 25. Rxe5 Rxe5 26. Rxa6 Re1+ 27.
Kg2 Re2+ 28. Kf3 Rxb2 29. Rc6 Rxb3 30. Rxc5 b4 31. Rc8+ Kf7 32. Rc7+ Kg6 33. Kg4
Rxc3 34. h5+ Kh6 35. Rb7 b3 36. Kh4 g5+ 37. hxg6 hxg6 38. Rf7 {White resigns}
0-1

[Event "Team 45 45 League T36"]
[Site "Internet Chess Club"]
[Date "2008.02.09"]
[Round "3"]
[White "kabindra"]
[Black "Fezzik"]
[Result "1/2-1/2"]
[WhiteElo "1738"]
[BlackElo "2034"]
[Opening "French: Tarrasch, closed variation, main line"]
[ECO "C06"]
[Time "15:04:27"]
[TimeControl "2700+45"]

1. e4 e6 2. d4 d5 3. Nd2 Nf6 4. e5 Nfd7 5. Bd3 c5 6. c3 Nc6 7. Ne2 cxd4 8. cxd4
f6 9. Nf4 Nxd4 10. Qh5+ Ke7 11. Ng6+ hxg6 12. exf6+ Nxf6 13. Qxh8 Kf7 14. Qh4 e5
15. O-O Bf5 16. Bxf5 gxf5 17. Nb3 Nxb3 18. axb3 Qb6 19. Qh3 Qe6 20. Bg5 Ne4 21.
Qh5+ Qg6 22. Qxg6+ Kxg6 23. Bh4 Bd6 24. Rfd1 d4 25. f3 Nc5 26. b4 Ne6 27. Be1
Nc7 28. f4 Nb5 29. fxe5 Bxe5 30. Rac1 a6 31. Bf2 Rd8 32. Bh4 Rd7 33. Rc5 Bf6 34.
Bxf6 Kxf6 35. Rf1 g6 36. g4 d3 37. gxf5 g5 38. Rcc1 Nd4 39. Rcd1 Nc2 40. Rf3
Nxb4 41. h3 Rd5 42. Kf2 Rc5 43. Rd2 Rc2 44. Ke1 Rc1+ 45. Rd1 Rc5 46. Kf1 a5 47.
Re1 Rxf5 48. Rxf5+ Kxf5 49. Kf2 b6 50. Re8 Nd5 51. Ke1 Kf4 52. Kd2 Kg3 53. Rg8
Kh4 54. Kxd3 Nf4+ 55. Kd4 Nxh3 56. Kd5 g4 57. Kc6 Ng5 58. Rh8+ Kg3 59. Rh1 Kg2
60. Rc1 g3 61. Kxb6 a4 62. Kb5 Ne4 63. Kxa4 Kf3 64. b4 g2 65. b5 Kf2 66. b6 Nc5+
67. Kb5 Nd7 68. b7 g1=Q 69. Rxg1 Kxg1 70. Kc6 Nb8+ 71. Kc7 Na6+ 72. Kb6 Nb8
{Game drawn by mutual agreement} 1/2-1/2

[Event "Team 45 45 League T36"]
[Site "Internet Chess Club"]
[Date "2008.02.10"]
[Round "3"]
[White "Socraticchess"]
[Black "Alphalegacy"]
[Result "0-1"]
[WhiteElo "1756"]
[BlackElo "2124"]
[Opening "Alekhine's defense: exchange variation"]
[ECO "B02"]
[Time "17:13:03"]
[TimeControl "2700+45"]

1. e4 Nf6 2. e5 Nd5 3. c4 Nb6 4. d4 d6 5. exd6 cxd6 6. Nc3 Nc6 7. Nf3 Bg4 8. Be2
g6 9. O-O Bg7 10. Be3 O-O 11. d5 Bxf3 12. Bxf3 Ne5 13. c5 Nbc4 14. c6 bxc6 15.
dxc6 Nxb2 16. Qb3 Nbc4 17. Bd5 Nxe3 18. fxe3 Qc7 19. Rab1 Nxc6 20. Nb5 Qd7 21.
Rbc1 Na5 22. Qb4 Rab8 23. a4 a6 24. Qxa5 axb5 25. Rc7 Qd8 26. Rfc1 bxa4 27. Qa7
e6 28. Rxf7 Rxf7 29. Bxe6 Qb6 30. Rc8+ Rxc8 31. Qxb6 Rc1# {White checkmated} 0-1

[Event "Team 45 45 League T36"]
[Site "Internet Chess Club"]
[Date "2008.02.10"]
[Round "3"]
[White "Rainbird"]
[Black "superplayer"]
[Result "1-0"]
[WhiteElo "1765"]
[BlackElo "1719"]
[Opening "English: London defensive system"]
[ECO "A12"]
[Time "18:04:19"]
[TimeControl "2700+45"]

1. Nf3 d5 2. c4 c6 3. b3 Nf6 4. g3 Bf5 5. Bg2 e6 6. Bb2 Bd6 7. O-O Nbd7 8. d3
O-O 9. Qc2 e5 10. Nh4 Be6 11. Nd2 Rc8 12. e4 Nc5 13. b4 Ncd7 14. exd5 cxd5 15.
c5 b6 16. c6 Nb8 17. b5 a6 18. a4 axb5 19. axb5 Ne8 20. Nhf3 f6 21. Rfc1 Nc7 22.
Qa4 Bf5 23. Ne1 Be7 24. Ba3 Bxa3 25. Rxa3 Qd6 26. Qb3 Rfd8 27. Nf1 Nxb5 28. Qxb5
Qxa3 29. Bxd5+ Kh8 30. c7 Qxc1 31. cxd8=Q+ Rxd8 32. Qxb6 Qc8 33. Ne3 Bg6 34. Be6
Qc6 35. Qxd8+ Qe8 36. Qxe8+ Bxe8 37. N1c2 Nc6 38. Kf1 Bg6 39. Ke2 Bh5+ 40. Kd2
g5 41. Kc3 Kg7 42. Nf5+ Kf8 43. Nb4 Ne7 44. Nxe7 Kxe7 45. Bf5 h6 46. Nd5+ Kf7
47. g4 Bg6 48. Bxg6+ Kxg6 49. Ne7+ Kf7 50. Nf5 Kg6 51. Kc4 h5 52. h3 hxg4 53.
hxg4 {Black resigns} 1-0

[Event "Team 45 45 League T36"]
[Site "Internet Chess Club"]
[Date "2008.02.11"]
[Round "3"]
[White "jayes"]
[Black "bobhill"]
[Result "1-0"]
[WhiteElo "2070"]
[BlackElo "1947"]
[Opening "Sicilian: dragon, Yugoslav attack, Rauser variation"]
[ECO "B76"]
[Time "23:02:59"]
[TimeControl "2700+45"]

1. e4 c5 2. Nf3 d6 3. d4 cxd4 4. Nxd4 Nf6 5. Nc3 g6 6. Be3 Bg7 7. f3 Nc6 8. Qd2
O-O 9. O-O-O d5 10. Nxc6 bxc6 11. exd5 cxd5 12. Bd4 Qa5 13. Kb1 Rb8 14. Ne4 Qa4
15. Nc5 Qc6 16. g4 Be6 17. h4 Nd7 18. Bxg7 Kxg7 19. Nb3 Nf6 20. h5 Rfc8 21. Bd3
d4 22. hxg6 fxg6 23. Qh6+ Kg8 24. Bxg6 hxg6 25. Qxg6+ Kf8 26. Rh8+ Bg8 27. Nxd4
Qa6 28. Rxg8+ Nxg8 29. Qxa6 Nf6 30. g5 Ne8 31. Qh6+ Kg8 32. g6 Nd6 33. Qh7+ Kf8
34. Qh8# {Black checkmated} 1-0

[Event "Team 45 45 League T36"]
[Site "Internet Chess Club"]
[Date "2008.02.10"]
[Round "3"]
[White "BaroneRosso"]
[Black "Legal"]
[Result "1-0"]
[WhiteElo "1991"]
[BlackElo "1969"]
[Opening "Nimzo-Indian: classical variation"]
[ECO "E32"]
[Time "15:04:28"]
[TimeControl "2700+45"]

1. d4 Nf6 2. c4 e6 3. Nc3 Bb4 4. Qc2 b6 5. a3 Bxc3+ 6. Qxc3 Ne4 7. Qc2 f5 8. Bf4
Bb7 9. e3 d6 10. Nf3 Nd7 11. Bd3 g5 12. Bg3 Nxg3 13. hxg3 g4 14. Nh4 Qg5 15. d5
exd5 16. Bxf5 O-O-O 17. cxd5 Bxd5 18. O-O-O Bb7 19. Rxd6 Rhf8 20. Rd4 h5 21. Kb1
Rf7 22. Rc1 c5 23. Rd6 Qe7 24. Rcd1 Qe8 25. Ka1 Qe5 26. Qa4 Qe8 27. Qxa7 Qf8 28.
Rxb6 {Black resigns} 1-0

[Event "Team 45 45 League T36"]
[Site "Internet Chess Club"]
[Date "2008.02.09"]
[Round "3"]
[White "Holzschlange"]
[Black "Beetlejuice"]
[Result "0-1"]
[WhiteElo "1918"]
[BlackElo "1966"]
[Opening "Dunst (Sleipner, Heinrichsen) opening"]
[ECO "A00"]
[Time "11:31:15"]
[TimeControl "2700+45"]

1. Nc3 d5 2. e4 d4 3. Nce2 e5 4. Ng3 c5 5. Nf3 Nc6 6. Bc4 Be7 7. d3 h5 8. h4 Bg4
9. Bg5 Bxg5 10. hxg5 g6 11. Qd2 Bxf3 12. gxf3 f6 13. f4 Qe7 14. f5 fxg5 15. fxg6
Qf6 16. Bf7+ Kd7 17. Nxh5 Qf3 18. g7 Rh6 19. Qxg5 Qxf7 20. O-O-O Rg6 21. Qf5+
Ke7 22. f4 Nh6 23. Qxf7+ Kxf7 24. f5 Rg5 25. Rdg1 Rxg1+ 26. Rxg1 Ne7 27. Kd2
Nhg8 28. c3 Nf6 29. cxd4 cxd4 30. Nf4 exf4 31. e5 Nxf5 32. exf6 Rg8 33. Rc1 Kxf6
34. Rf1 Kg5 {White resigns} 0-1

[Event "Team 45 45 League T36"]
[Site "Internet Chess Club"]
[Date "2008.02.08"]
[Round "3"]
[White "room-matt"]
[Black "nightly"]
[Result "0-1"]
[WhiteElo "1790"]
[BlackElo "1940"]
[Opening "Sicilian: closed, 6.Be3"]
[ECO "B26"]
[Time "13:30:38"]
[TimeControl "2700+45"]

1. e4 c5 2. Nc3 g6 3. g3 Bg7 4. Bg2 Nc6 5. d3 d6 6. Be3 e5 7. Qd2 Nd4 8. f4 Ne7
9. fxe5 dxe5 10. Nf3 O-O 11. O-O Nec6 12. a3 a6 13. Nd5 Be6 14. Rae1 Nxf3+ 15.
Bxf3 Bh3 16. Rf2 Nd4 17. Be2 Nxe2+ 18. Qxe2 b6 19. Qf3 Be6 20. Nf6+ Bxf6 21.
Qxf6 Qxf6 22. Rxf6 Kg7 23. Ref1 Rac8 24. h4 h5 25. Kh2 b5 26. R6f3 Rfd8 27. Bg5
Re8 28. Bf6+ Kg8 29. Rg1 Bg4 30. Re3 Re6 31. Rf1 Rcc6 32. Bg5 f6 33. Bh6 Kh7 34.
Bf8 Rc8 35. Be7 Rxe7 36. Rxf6 Re6 37. Ref3 Rce8 38. Rf7+ Kg8 39. Rf2 R8e7 40.
Rf8+ Kg7 41. Rc8 Rf7 42. Rxf7+ Kxf7 43. Rxc5 Ke7 44. c4 bxc4 45. Rxc4 Be2 46.
Rc7+ Kf6 47. Rd7 Rb6 48. b4 Rc6 49. Kg2 Bg4 50. Rd5 Ke6 51. Kf2 Rc2+ 52. Kg1 Be2
53. a4 Rd2 54. b5 axb5 55. axb5 Rxd3 56. Kf2 Bf1 57. b6 Rb3 58. b7 Rxb7 59. Kxf1
Rb4 60. Kf2 Rxe4 61. Rd8 Ra4 62. Re8+ Kf5 63. Ke3 Ra3+ 64. Kf2 Kg4 65. Rxe5 Rf3+
66. Ke2 Rxg3 67. Re4+ Kh3 68. Kf2 Rg4 69. Re7 Kxh4 70. Kf3 Ra4 71. Rg7 g5 72.
Ke3 g4 {White resigns} 0-1

[Event "Team 45 45 League T36"]
[Site "Internet Chess Club"]
[Date "2008.02.09"]
[Round "3"]
[White "burnsja2003"]
[Black "vkpanch"]
[Result "0-1"]
[WhiteElo "1665"]
[BlackElo "1649"]
[Opening "QGD semi-Slav: Chigorin defense"]
[ECO "D46"]
[Time "18:03:13"]
[TimeControl "2700+45"]

1. d4 d5 2. c4 c6 3. Nc3 Nf6 4. Nf3 Nbd7 5. e3 e6 6. Bd3 Bd6 7. O-O O-O 8. e4
dxe4 9. Nxe4 Nxe4 10. Bxe4 e5 11. d5 Nf6 12. Bg5 cxd5 13. Bxf6 Qxf6 14. Bxd5 Bf5
15. Re1 Rfe8 16. Be4 Bxe4 17. Rxe4 Bc7 18. Qc2 Rac8 19. b4 Bd6 20. a3 b5 21. c5
a5 22. Qb2 Bb8 23. Rae1 axb4 24. axb4 Rcd8 25. Qe2 Qe6 26. Nxe5 Bxe5 27. Rxe5
Qxe5 28. Qxe5 Rxe5 29. Rc1 Re4 30. c6 Rxb4 31. Kf1 Rc4 {White resigns} 0-1

[Event "Team 45 45 League T36"]
[Site "Internet Chess Club"]
[Date "2008.02.07"]
[Round "3"]
[White "avila"]
[Black "Stav"]
[Result "1/2-1/2"]
[WhiteElo "1609"]
[BlackElo "1746"]
[Opening "Pirc defense"]
[ECO "B07"]
[Time "17:29:50"]
[TimeControl "2700+45"]

1. e4 d6 2. d4 Nf6 3. Nc3 e5 4. dxe5 dxe5 5. Qxd8+ Kxd8 6. Bg5 Be7 7. O-O-O+
Nfd7 8. Be3 c6 9. Nf3 f6 10. Bc4 Kc7 11. a3 Bc5 12. Rhe1 Bxe3+ 13. Rxe3 Nb6 14.
Ba2 Bg4 15. h3 Bxf3 16. Rxf3 N8d7 17. b4 a5 18. b5 Nc5 19. Rg3 g6 20. Re3 Rad8
21. Ree1 Rxd1+ 22. Rxd1 Rd8 23. f3 Rxd1+ 24. Kxd1 Nba4 25. Nxa4 Nxa4 26. Bg8 h6
27. bxc6 bxc6 28. Kd2 Kd6 29. Bb3 Nb6 30. Kc3 Kc5 31. g3 Nc8 32. Kd3 Nd6 33. Ba4
f5 34. g4 fxe4+ 35. fxe4 g5 36. Bb3 Nb5 37. a4 Nd4 38. Bc4 Nf3 39. Kc3 Nh4 40.
Bf1 Ng6 41. Bg2 Nf4 42. Bf1 h5 43. gxh5 Nxh5 44. Be2 Nf4 45. Bf1 Ng6 46. Be2 Ne7
47. Bg4 Ng8 48. Bf5 Nf6 49. Bg6 Nd7 50. Bf7 Nb6 51. Bb3 Kd6 52. Kd3 Ke7 53. Ke3
c5 54. c4 Kf6 55. Kf3 Kg6 56. Kg4 Nd7 57. Bc2 Nf6+ 58. Kf3 Nh5 59. Kg4 Nf4 60.
Bd1 Nd3 61. Bc2 Nb2 62. Bb3 Nd3 63. Bc2 Nf4 64. Bd1 Ne6 65. Bc2 Ng7 66. Bb3 Ne8
67. Bc2 Nf6+ 68. Kf3 Kh6 69. Kg3 Kh5 70. Bd1+ Kh6 71. Bc2 Nh5+ {Game drawn by
mutual agreement} 1/2-1/2

[Event "Team 45 45 League T36"]
[Site "Internet Chess Club"]
[Date "2008.02.10"]
[Round "3"]
[White "reijo"]
[Black "natethegreat"]
[Result "1-0"]
[WhiteElo "1667"]
[BlackElo "1565"]
[Opening "QGD: Albin counter-gambit"]
[ECO "D08"]
[Time "12:30:30"]
[TimeControl "2700+45"]

1. d4 d5 2. c4 e5 3. dxe5 d4 4. Nf3 Nc6 5. a3 a5 6. e3 Bc5 7. exd4 Nxd4 8. Be3
Bg4 9. Be2 Bxf3 10. Bxf3 Ne7 11. Nc3 Nef5 12. Bxb7 Rb8 13. Bd5 Rxb2 14. O-O c6
15. Bxc6+ Ke7 16. Bg5+ f6 17. exf6+ gxf6 18. Nd5+ Kf7 19. Qh5+ Kf8 20. Bxf6 Qd6
21. Qe8# {Black checkmated} 1-0

[Event "Team 45 45 League T36"]
[Site "Internet Chess Club"]
[Date "2008.02.08"]
[Round "3"]
[White "Caminator"]
[Black "mal57"]
[Result "1-0"]
[WhiteElo "1294"]
[BlackElo "1385"]
[Opening "Ruy Lopez: Cozio defense"]
[ECO "C60"]
[Time "22:00:23"]
[TimeControl "2700+45"]

1. e4 e5 2. Nf3 Nc6 3. Bb5 Nge7 4. O-O a6 5. Bc4 d5 6. exd5 Nxd5 7. Re1 Bg4 8.
h3 Bxf3 9. Qxf3 Nf6 10. c3 Bd6 11. d3 Na5 12. Bb3 Nxb3 13. axb3 Rb8 14. Bg5 O-O
15. Nd2 c6 16. Ne4 h6 17. Nxf6+ gxf6 18. Bxf6 Be7 19. Qg4+ {Black resigns} 1-0

[Event "Team 45 45 League T36"]
[Site "Internet Chess Club"]
[Date "2008.02.09"]
[Round "3"]
[White "cayo89"]
[Black "touchthis"]
[Result "0-1"]
[WhiteElo "1794"]
[BlackElo "1767"]
[Opening "French: Tarrasch, Guimard main line"]
[ECO "C04"]
[Time "22:01:48"]
[TimeControl "2700+45"]

1. e4 e6 2. d4 d5 3. Nd2 Nc6 4. Ngf3 Nf6 5. e5 Nd7 6. c3 a6 7. a4 f6 8. exf6
Qxf6 9. Bd3 Bd6 10. O-O O-O 11. Qc2 h6 12. b3 e5 13. dxe5 Ndxe5 14. Be2 Bf5 15.
Qb2 Rae8 16. Nd4 Nxd4 17. cxd4 Nd3 18. Qc3 Rxe2 {White resigns} 0-1

[Event "Team 45 45 League T36"]
[Site "Internet Chess Club"]
[Date "2008.02.07"]
[Round "3"]
[White "sean98"]
[Black "HKNIGHT"]
[Result "0-1"]
[WhiteElo "1601"]
[BlackElo "1705"]
[Opening "Sicilian: Labourdonnais-Löwenthal (Kalashnikov) variation"]
[ECO "B32"]
[Time "14:58:55"]
[TimeControl "2700+45"]

1. e4 c5 2. Nf3 Nc6 3. d4 cxd4 4. Nxd4 e5 5. Nb5 d6 6. N1c3 a6 7. Na3 Nf6 8. Bg5
Be7 9. Bxf6 Bxf6 10. Nd5 O-O 11. c3 b5 12. Nc2 Be7 13. Bd3 Be6 14. Nce3 Bg5 15.
Qe2 Nb8 16. O-O Nd7 17. f4 exf4 18. Nxf4 Ne5 19. Nxe6 Bxe3+ 20. Qxe3 fxe6 21.
Rxf8+ Qxf8 22. Be2 Qe7 23. b3 Qa7 24. Qxa7 Rxa7 25. Rd1 Rd7 26. Kf2 Kf7 27. Ke3
Ke7 28. Kf4 h6 29. h4 g6 30. g4 Rc7 31. Rc1 Kf6 32. Ke3 Ke7 33. Kd4 Rc8 34. Ke3
Nc6 35. Kd2 Kd7 36. Rf1 Ke7 37. Kd3 Rd8 38. Kc2 Rc8 39. Kb2 Ne5 40. Rd1 Rf8 41.
Rf1 Rxf1 42. Bxf1 Nxg4 43. c4 b4 44. Kc1 a5 45. Kd2 Ne5 46. Ke3 Nc6 47. Bd3 e5
48. Be2 Nb8 49. Kf3 Nd7 50. Bd1 Nf6 51. Bc2 Kf7 52. Kg3 Nh5+ 53. Kg4 Nf4 54. Kg3
Kf6 55. Kf2 g5 56. hxg5+ Kxg5 57. Kg3 Ne2+ 58. Kg2 Nc3 59. Kg3 Nxa2 60. Kf3 Nc3
61. Kg3 Ne2+ 62. Kh3 Nc3 63. Kg3 h5 64. Kh3 h4 65. Kg2 Kg4 66. Kh2 h3 67. Bd3
Kf4 68. Kxh3 Nxe4 69. Kg2 Ke3 70. Bc2 Nc5 71. Kf1 Kd2 72. Bf5 Nxb3 73. Be6 Nc5
{White resigns} 0-1

[Event "Team 45 45 League T36"]
[Site "Internet Chess Club"]
[Date "2008.02.08"]
[Round "3"]
[White "Just-Jim"]
[Black "oldsj"]
[Result "1-0"]
[WhiteElo "1476"]
[BlackElo "1528"]
[Opening "Giuoco Pianissimo"]
[ECO "C50"]
[Time "17:59:55"]
[TimeControl "2700+45"]

1. e4 e5 2. Nf3 Nc6 3. Bc4 Bc5 4. d3 h6 5. Nc3 Nf6 6. h3 O-O 7. O-O d6 8. Be3
Nd4 9. Na4 Nxf3+ 10. Qxf3 Bxe3 11. fxe3 c6 12. Nc3 Qe7 13. a4 Be6 14. b3 a6 15.
d4 Bxc4 16. bxc4 Rad8 17. Rad1 Rd7 18. d5 c5 19. Ne2 Nh7 20. Ng3 Ng5 21. Qf5
Rdd8 22. Qg4 g6 23. Qe2 Qc7 24. h4 Nh7 25. Qg4 Qe7 26. Nf5 Qd7 27. Nxh6+ Kg7 28.
Qxd7 Rxd7 29. Ng4 Rh8 30. Rf3 Re7 31. Rdf1 Nf8 32. g3 Nd7 33. Rb1 Rb8 34. Nf2
Nf6 35. Rb6 Rd7 36. g4 Ne8 37. g5 Kf8 38. Ng4 Kg8 39. Nf6+ Nxf6 40. Rxf6 Rbd8
41. Kg2 Kf8 42. Kg3 Ke7 43. Kg4 Rh8 44. Rf1 Kd8 45. Rh1 Kc7 46. Rbb1 Rdd8 47. a5
Rdf8 48. h5 f5+ 49. exf5 gxh5+ 50. Rxh5 Rxh5 51. Kxh5 Rxf5 52. Rg1 Kd7 53. Kh6
Ke7 54. g6 Kf8 55. g7+ Kg8 56. Kg6 Rf2 57. Rg5 Rf1 58. Rh5 Rg1+ 59. Kh6 Rxg7 60.
Rg5 Rxg5 61. Kxg5 Kg7 62. Kf5 Kf7 63. e4 Ke7 64. Kg6 Ke8 65. Kf6 Kd7 66. c3 Kc7
67. Ke6 b6 68. axb6+ Kxb6 69. Kxd6 a5 70. Ke7 a4 71. d6 a3 72. d7 a2 73. d8=Q+
Kb7 74. Qd7+ Kb6 75. Qb5+ {Black resigns} 1-0

[Event "Team 45 45 League T36"]
[Site "Internet Chess Club"]
[Date "2008.02.07"]
[Round "3"]
[White "kingphisch"]
[Black "N20863"]
[Result "1-0"]
[WhiteElo "1447"]
[BlackElo "1292"]
[Opening "Sicilian: Grand Prix attack"]
[ECO "B23"]
[Time "12:07:17"]
[TimeControl "2700+45"]

1. e4 c5 2. Nc3 Nc6 3. f4 d6 4. Nf3 Bg4 5. Bc4 e6 6. O-O Nf6 7. Bb5 Qc7 8. d3
O-O-O 9. Bxc6 Bxf3 10. Bxb7+ Qxb7 11. Qxf3 Be7 12. b3 d5 13. exd5 Nxd5 14. Nxd5
Qxd5 15. Bb2 f6 16. Rae1 Rd6 17. Qxd5 Rxd5 18. Rxe6 Re8 19. Rfe1 Kd7 20. Ra6 Ra8
21. Re4 Rd6 22. Ra5 Re6 23. Rxe6 Kxe6 24. Ba3 Kd5 25. Kf2 Kd4 26. Bb2+ Kd5 27.
c4+ Kc6 28. Ra6+ Kb7 29. Re6 Re8 30. Ba3 Kc7 31. Kf3 Kd7 32. f5 Bd6 33. Rxe8
Kxe8 34. h3 Kd7 35. Bb2 Kc6 36. Ke4 Bc7 37. d4 cxd4 38. Bxd4 Bb6 39. a4 Bxd4 40.
Kxd4 Kd6 41. c5+ Kc6 42. b4 a6 43. b5+ axb5 44. axb5+ Kc7 45. Kd5 h6 46. b6+ Kd7
47. b7 Kc7 48. c6 Kb8 49. Ke6 Kc7 50. Kf7 {Black resigns} 1-0